Map: Frost LE

Players

Fropez - Winner!

  • Race: Protoss Protoss
  • League: Gold
  • Spawn Location: 5:00

Drewishman

  • Race: Zerg Zerg
  • League: Gold
  • Spawn Location: 11:00

VOD

Have the link to the VOD?

Description

Time

  • Played on: Nov. 12, 2016, 2:57 p.m.
  • Length: 17:08
Show
View Real Time Build Order
Export as new Build Order

Fropez Protoss - Winner!

Build Orders:  

Get SALT Encoding   

  12  0:02  Probe (Chrono Boost)  
  13  0:12  Probe (Chrono Boost)  
  14  0:19  Pylon  
  14  0:23  Probe (Chrono Boost)  
  15  0:37  Probe (Chrono Boost), Gateway  
  16  0:51  Probe (Chrono Boost)  
  16  0:56  Assimilator  
  17  1:00  Gateway  
  17  1:02  Probe (Chrono Boost)  
  18  1:12  Probe (Chrono Boost)  
  18  1:17  Pylon  
  19  1:23  Probe (Chrono Boost)  
  20  1:33  Probe (Chrono Boost)  
  20  1:39  Pylon  
  21  1:44  Probe (Chrono Boost)  
  22  1:54  Probe (Chrono Boost)  
  23  2:06  Nexus  
  23  2:09  Pylon  
  23  2:11  Assimilator  
  23  2:17  Cybernetics Core  
  23  2:19  Probe (Chrono Boost)  
  24  2:29  Probe (Chrono Boost)  
  25  2:32  Assimilator  
  25  2:38  Pylon  
  26  2:44  Probe (Chrono Boost)  
  26  2:50  Gateway  
  26  2:58  Mothership Core (Chrono Boost)  
  28  3:06  Adept x2  
  32  3:16  Probe (Chrono Boost)  
  33  3:23  Probe (Chrono Boost)  
  33  3:27  Probe (Chrono Boost)  
  35  3:38  Probe (Chrono Boost)  
  35  3:39  Probe (Chrono Boost)  
  37  3:49  Pylon, Probe (Chrono Boost)  
  37  3:51  Pylon  
  38  3:57  Gateway  
  38  4:03  Probe (Chrono Boost), Warp Gate (Chrono Boost)  
  38  4:04  Probe (Chrono Boost)  
  38  4:08  Stalker x2  
  44  4:23  Assimilator  
  44  4:26  Assimilator  
  44  4:28  Probe  
  44  4:29  Gateway  
  45  4:33  Gateway  
  45  4:42  Gateway  
  45  4:46  Twilight Council  
  45  4:54  Probe  
  45  4:55  Probe  
  47  5:05  Probe  
  48  5:07  Probe  
  49  5:15  Probe  
  50  5:22  Resonating Glaives (Chrono Boost)  
  50  5:27  Probe  
  50  5:28  Probe  
  52  5:39  Forge  
  52  5:40  Probe  
  52  5:41  Probe  
  54  5:46  Forge  
  54  6:02  Nexus  
  54  6:03  Stalker x2  
  54  6:04  Stalker x3  
  62  6:28  Stalker x2  
  62  6:29  Stalker x2  
  62  6:30  Stalker  
  70  6:39  Pylon  
  70  6:42  Pylon  
  70  6:43  Protoss Ground Weapons Level 1 (Chrono Boost), Protoss Ground Armor Level 1 (Chrono Boost)  
  70  6:44  Pylon  
  70  6:57  Probe x2  
  70  6:59  Pylon  
  72  7:03  Adept x3  
  72  7:04  Adept x2  
  82  7:09  Probe x2  
  84  7:28  Robotics Facility  
  84  7:31  Templar Archives  
  84  7:34  Pylon  
  82  7:39  Pylon  
  80  7:47  Adept x4  
  80  7:48  Adept x2  
  92  7:53  Probe x2  
  94  7:59  Pylon  
  92  8:24  Probe x2  
  92  8:26  Stalker x5  
  92  8:27  Stalker  
  106  8:28  Psionic Storm  
  106  8:33  Protoss Ground Armor Level 2 (Chrono Boost), Protoss Ground Weapons Level 2 (Chrono Boost)  
  106  8:37  Immortal  
  106  8:54  Adept  
  106  8:55  Adept x3  
  110  8:57  Probe x3  
  111  9:11  Probe x2  
  113  9:18  Gateway  
  113  9:22  Gateway  
  113  9:28  Assimilator  
  113  9:29  Gateway  
  113  9:31  Assimilator  
  113  9:44  High Templar  
  113  9:45  High Templar x3  
  113  10:06  Sentry x2  
  111  10:41  Archon  
  111  10:42  Archon  
  110  10:49  High Templar x3  
  112  10:59  High Templar  
  110  11:04  Gateway  
  106  11:15  Pylon  
  106  11:16  Pylon  
  106  11:18  Gateway  
  106  11:20  Gateway  
  106  11:22  Gateway  
  106  11:23  Archon, Gateway  
  104  11:30  Observer (Chrono Boost)  
  104  11:32  Protoss Ground Weapons Level 3 (Chrono Boost)  
  105  11:36  Pylon  
  105  11:38  Protoss Shields Level 1 (Chrono Boost)  
  105  12:06  Nexus, Zealot  
  107  12:10  Immortal (Chrono Boost)  
  107  12:12  Charge (Chrono Boost)  
  111  12:23  Nexus  
  111  12:25  Probe x2  
  111  12:26  Pylon, Assimilator  
  113  12:30  Assimilator  
  113  12:33  Pylon  
  113  12:35  Pylon  
  109  12:42  Zealot x3  
  109  12:43  Zealot x6  
  121  12:44  Zealot x3  
  121  12:49  Pylon  
  109  12:53  Pylon  
  109  12:56  Assimilator  
  109  12:58  Assimilator  
  109  13:00  Pylon  
  109  13:11  High Templar x5  
  109  13:12  High Templar x3  
  125  13:15  Archon x2  
  125  13:16  Archon x2  
  122  13:38  Protoss Shields Level 2 (Chrono Boost)  
  122  13:46  Protoss Ground Armor Level 3  
  122  13:56  Probe  
  122  13:57  Probe  
  122  13:58  Probe  
  119  14:19  Zealot x3  
  119  14:20  Zealot x6  
  137  14:36  Zealot x4  
  145  14:43  Photon Cannon  
  145  14:45  Photon Cannon  
  145  14:47  Gateway  
  145  14:51  Probe x2  
  146  14:52  Probe  
  146  14:53  Probe  
  149  15:19  Nexus  
  145  15:22  Assimilator  
  145  15:24  Assimilator  
  143  15:29  High Templar x6, Pylon  
  143  15:30  High Templar x5  
  143  15:31  Pylon  
  143  15:34  Pylon, High Templar  
  143  15:35  Archon x3  
  167  15:36  Archon x2  
  167  15:37  Pylon  
  167  15:40  Warp Prism, Pylon  
  169  15:52  Gateway  
  161  16:00  Gateway  
  161  16:03  Gateway  
  155  16:06  Gateway  
  155  16:08  Gateway  
  155  16:09  Zealot x5  
  155  16:10  Robotics Bay, Zealot x4  
  171  16:13  Robotics Facility  
  171  16:15  Robotics Facility  
Show
View Real Time Build Order
Export as new Build Order

Drewishman Zerg 

Build Orders: Hatch First 

Get SALT Encoding   

  12  0:04  Drone  
  13  0:09  Drone  
  14  0:37  Hatchery  
  14  0:39  Drone  
  14  0:57  Spawning Pool  
  14  0:58  Drone  
  14  1:05  Extractor  
  13  1:25  Drone  
  14  1:49  Overlord x2, Zergling x2  
  15  2:01  Zergling x2  
  15  2:02  Zergling x2  
  15  2:05  Zergling x2  
  18  2:18  Drone  
  20  2:22  Drone  
  20  2:23  Queen, Drone  
  20  2:24  Queen  
  20  2:28  Drone  
  26  2:35  Drone  
  27  2:38  Drone  
  29  2:44  Drone  
  29  2:49  Roach Warren  
  28  3:03  Metabolic Boost  
  28  3:06  Zergling x2  
  28  3:07  Zergling x8  
  30  3:42  Drone x4  
  30  3:43  Drone  
  35  4:01  Extractor, Overlord x3  
  34  4:05  Lair  
  34  4:23  Roach x3  
  34  4:24  Roach  
  42  4:27  Drone  
  43  4:54  Drone x4  
  43  4:57  Drone x6  
  53  5:05  Hatchery  
  52  5:20  Extractor  
  51  5:22  Drone x4  
  51  5:23  Extractor  
  54  5:29  Roach x2  
  54  5:32  Overlord x3  
  58  5:45  Drone  
  59  5:50  Roach x2  
  59  5:54  Roach  
  59  5:55  Roach x4  
  70  6:28  Queen, Drone  
  70  6:29  Drone  
  74  6:33  Glial Reconstitution  
  74  6:41  Drone x4  
  74  6:42  Drone  
  74  6:44  Overlord  
  79  6:53  Ravager x5  
  79  6:54  Ravager x3  
  87  7:21  Drone x3  
  82  7:46  Roach x4  
  82  7:47  Roach x3  
  82  7:50  Overlord x4  
  83  8:31  Queen  
  83  9:04  Drone x6  
  89  9:22  Roach x3  
  89  9:23  Roach x8  
  89  9:24  Roach x2  
  115  9:35  Drone x2  
  114  9:50  Ravager x8  
  114  9:51  Ravager x4  
  126  10:31  Roach  
  126  10:32  Roach  
  76  11:02  Drone x3  
  77  11:07  Extractor  
  77  11:08  Drone x4  
  77  11:10  Extractor  
  79  11:15  Roach x7  
  79  11:16  Roach  
  89  11:46  Burrow  
  89  11:49  Queen  
  91  11:58  Drone x5  
  96  12:10  Ravager  
  96  12:13  Ravager  
  96  12:14  Ravager  
  96  12:15  Ravager x5  
  104  12:16  Ravager x3  
  106  12:24  Roach x3  
  62  13:37  Zergling x12  
  62  13:38  Zergling x14  
  62  13:39  Zergling x10  
  62  13:40  Zergling x14  
  75  14:14  Roach x2  
  75  14:15  Roach x7  
  75  14:16  Roach x3  
  71  14:37  Evolution Chamber  
  60  14:51  Roach  
  60  14:52  Roach x7  
  67  14:53  Roach x6  
  55  16:07  Drone x7  
  55  16:08  Drone x2  
  64  16:20  Hatchery  
  63  16:31  Spire  
  38  17:04  Hatchery  
Tags
 
League
GoldGold
Matchup
PvZ
Replay Pack
From the laptop
Spawn Locations
Cross Positions
Add a new tag
Caveats
  • Supply blocks, unpowered buildings, or Contaminate may cause inaccurate times.
  • Supply counts are checked every 10 seconds.